 Dungeon Crawl Stone Soup version 0.28-a0-533-g9f97627e2a (webtiles) character file.

Game seed: 2246818461214923385

788 spiderkeys the Skirmisher (level 7, -3/58 HPs)
             Began as a Barachi Abyssal Knight on Sept 26, 2021.
             Was a Priest of Lugonu.
             Slain by Crazy Yiuf (17 damage)
             ... on level 4 of the Dungeon.
             The game lasted 00:09:32 (5299 turns).

spiderkeys the Skirmisher (Barachi Abyssal Knight)  Turns: 5299, Time: 00:09:33

Health: -3/58      AC: 14    Str: 16    XL:     7   Next: 87%
Magic:  10/10      EV:  7    Int: 10    God:    Lugonu [***...]
Gold:   106        SH:  5    Dex: 13    Spells: 6/6 levels left

rFire   . . .      SeeInvis .   a - +4 bardiche
rCold   . . .      Faith    .   (shield currently unavailable)
rNeg    . . .      Spirit   .   e - +0 chain mail
rPois   .          Reflect  +   j - +2 helmet
rElec   .          Harm     .   (no cloak)
rCorr   .          Rampage  .   (no gloves)
Will    .....                   g - +0 pair of boots
Stlth   ..........              l - amulet of reflection
HPRegen 0.19/turn               (no ring)
MPRegen 0.12/turn               (no ring)

@: lethally poisoned (-3 -> -13), hasted, very quick
A: amphibious, slowness 1, strong legs 1, +LOS
a: Hop, Renounce Religion, Depart the Abyss, Bend Space, Banish


You were on level 4 of the Dungeon.
You worshipped Lugonu.
Lugonu was most pleased with you.
You visited 1 branch of the dungeon, and saw 4 of its levels.
You visited the Abyss 1 time.

You collected 256 gold pieces.
You spent 150 gold pieces at shops.


Innate Abilities, Weirdness & Mutations

You are amphibious.
You cover ground slowly.
You can hop short distances.
You have an extended range of vision and can be seen from far away.


   Skills:
 + Level 6.2 Fighting
 + Level 4.5 Polearms
 + Level 5.6 Armour
 - Level 1.1 Dodging
 + Level 4.1 Invocations


You had 6 spell levels left.
You didn't know any spells.
Your spell library contained the following spells:

 Spells                   Type           Power      Damage    Failure   Level
 Ozocubu's Armour         Ice            0%         N/A       100%        3
 Ozocubu's Refrigeration  Ice            0%         4d5       100%        7

Inventory:

Hand Weapons
 a - a +4 bardiche (weapon)
   (You found it on level 1 of the Abyss)
 b - a +3 hunting sling
   (You took it off a goblin on level 1 of the Dungeon)
 c - a +1 spear
Missiles
 d - 45 stones
 f - 76 arrows
 i - 46 poisoned darts
 k - 12 bolts
Armour
 e - a +0 chain mail (worn)
   (You found it on level 2 of the Dungeon)
 g - a +0 pair of boots (worn)
   (You found it on level 1 of the Dungeon)
 j - a +2 helmet (worn)
   (You took it off Robin on level 2 of the Dungeon)
Jewellery
 l - an amulet of reflection (around neck)
   (You found it on level 1 of the Dungeon)
Scrolls
 m - 2 scrolls of teleportation {@r4}
 n - a scroll of enchant weapon {unknown}
 o - 2 scrolls of amnesia
 p - a scroll of vulnerability {!r!r}
Potions
 h - 2 potions of haste {@q3}
 q - 2 potions of curing {@q1}
 r - a potion of resistance {unknown}
 s - a potion of lignification {!q}
 t - a potion of mutation {unknown}
 u - a potion of magic {unknown}

Dungeon Overview and Level Annotations

Branches:
Dungeon (4/15)
 Temple: D:4-7

Altars:
Ashenzari
Dithmenos
Kikubaaqudgha
Qazlal
The Shining One

Shops:
D:3 *

Annotations:
D:4 Crazy Yiuf

####.)#....# #.#
#.#####)##...≈
...'##.....# ###
###.....)..≈≈≈
.....##....#
#...........
###...#....# #####
#...........
#.##..##...# #)..#
#...........
...#...#...# #...#
#...........
...##..#...# ...
#...........
._..#..###)# #g#
#...........
....#..# #.# ♣@♣♣
#...........
......####.# ♣♣.♣
#........... ....###
#..# ♣.♣♣
##########.#
#####.###.<# ♣♣.♣
#.# ....#..##..#
♣♣.♣♣ #.#
######.##..# ♣♣...♣
#.# ######..#..#
♣....♣ #.#
..#.....#..# #....#
#.#
#[#.###.#..#####..##
#.#


You could see Crazy Yiuf (berserk).


Message History

The adder poisons you! The adder closely misses you. 😮 HP[-3]
You take 3 damage, and now have 36/58 hp.
You slice the adder!!
You kill the adder!
Lugonu accepts your kill.
You feel sick. 😮 HP[-2]
You take 2 damage, and now have 34/58 hp.
You feel sick. 😮 HP[-1]
You take 1 damage, and now have 33/58 hp.
You feel sick.
You feel sick.
You are no longer poisoned.
Key pressed, stopping explore.
Key pressed, stopping explore. 2 orcs come into view.
The orc shouts! x2
An orc comes into view. It is wielding a +0 flail. 😎 HP[+25]
Your hp is fully restored (58).
There are monsters nearby!
There are monsters nearby!
An orc wizard comes into view. It is wielding a +0 dagger.
The orc wizard shouts!
The orc closely misses you.
You slice the orc!!
You kill the orc!
Lugonu accepts your kill.
You reach to attack!
You slice the orc!!
You kill the orc!
Lugonu accepts your kill.
You reach to attack!
Your chain mail prevents you from hitting the orc wizard.
The orc wizard gestures at you while chanting.
The magic dart hits you. 😕 HP[-6]
You take 6 damage, and now have 52/58 hp.
You slice the orc wizard!!
You kill the orc wizard!
Lugonu accepts your kill. The orc hits you but does no damage.
You barely miss the orc. The orc barely misses you. 😕 HP[+1]
You closely miss the orc. The orc hits you but does no damage. x2
Your chain mail prevents you from hitting the orc.
The orc completely misses you. The orc barely misses you.
Your chain mail prevents you from hitting the orc.
You block the orc's attack. 😕 HP[+1]
You barely miss the orc. You block the orc's attack.
The orc hits you but does no damage.
You slash the orc!
You kill the orc!
Lugonu accepts your kill.
Items here: )) [ †. 😕 HP[+1]
Things that are here:
a +0 flail; a +0 chain mail; an orc corpse 😎 HP[+3]
Your hp is fully restored (58).
Things that are here:
a +0 flail; a +0 chain mail
u - a glowing sapphire potion Key pressed, stopping explore.
You open the door.
There is an open door here.
There is an open door here.
You see here a +0 ring mail.
There is a shaft here.
There is an open door here.
Found a runed mace.
Crazy Yiuf shouts!
Crazy Yiuf laughs, "East!"
You open the door.
Crazy Yiuf laughs, "Walk!
Tonal sizzlefizz wrapper."
Your chain mail prevents you from hitting Crazy Yiuf.
Crazy Yiuf hits you with a +4 quarterstaff of chaos!
You feel yourself speed up. Crazy Yiuf hits you but does no damage.
Space bends around you. 😕 HP[-14]
You take 14 damage, and now have 44/58 hp.
MASSIVE DAMAGE!! (PAUSE)
You slice Crazy Yiuf!!
Crazy Yiuf drinks a potion.
Crazy Yiuf goes berserk!
You barely miss Crazy Yiuf.
Crazy Yiuf hits you with a +4 quarterstaff of chaos!
You are poisoned. 😮 HP[-9]
You take 9 damage, and now have 35/58 hp.
You closely miss Crazy Yiuf.
You feel very sick.
Crazy Yiuf hits you with a +4 quarterstaff of chaos!
* * * LOW HITPOINT WARNING * * *
Crazy Yiuf freezes you.
* * * LOW HITPOINT WARNING * * *
Crazy Yiuf hits you with a +4 quarterstaff of chaos!
You die...

Skill      XL: |  1  2  3  4  5  6  7 |
---------------+----------------------+-----
Fighting       | 4 5 6 |  6.2
Invocations    | 2 3 4 |  4.1
Armour         | 4 5 |  5.6
Polearms       | 3 4 |  4.5
Dodging        | |  1.1

Action                   |  1- 3 |  4- 6 |  7- 9 || total
-------------------------+-------+-------+-------++-------
Melee: Bardiche          |    64 |    91 |   157 ||   312
 Fire: Hunting sling     |       |    24 |    11 ||    35
Throw: Dart              |    10 |     3 |       ||    13
Invok: Depart the Abyss  |     1 |       |       ||     1
 Abil: Hop               |     1 |     2 |       ||     3
  Use: Scroll            |     3 |     1 |     2 ||     6
       Potion            |     1 |     3 |       ||     4
Armor: Leather armour    |    21 |       |       ||    21
       Ring mail         |     3 |       |       ||     3
       Chain mail        |       |    72 |    87 ||   159
       Skin              |       |     2 |       ||     2
Dodge: Dodged            |    45 |    44 |    57 ||   146
Block: Other             |     5 |    20 |    32 ||    57
       Reflection        |     1 |       |     3 ||     4

Levels and vault maps discovered:
D:1:      minmay_arrival_up_and_down, layout_loops_ring,
          shapermc_ecumenical_altar_notcrosses, minmay_misc_feat_four_crosses,
          hangedman_decor_push, st_stairs_1
D:2:      layout_loops_corners, minmay_fractal_squares_5, uniq_terence,
          uniq_sigmund, uniq_robin
D:3:      layout_loops_ring, mainiacjoe_overflow_alcove_2,
          amcnicky_altar_gilded, serial_shops, shop
D:4:      layout_basic, mainiacjoe_overflow_catwalk,
          mainiacjoe_overflow_two_lobes, grunt_ministairs_10,
          uniq_crazy_yiuf_cottage

Notes
Turn   | Place    | Note
-------+----------+-------------------------------------------
     0 | Abyss:1  | spiderkeys the Barachi Abyssal Knight began the quest for
                  | the Orb.
     0 | Abyss:1  | Reached XP level 1. HP: 18/18 MP: 2/2
     0 | Abyss:1  | magus.rc [v1.9.10]
    67 | Abyss:1  | Noticed a wretched star
    68 | Abyss:1  | Noticed a small abomination
    71 | Abyss:1  | Noticed an orange demon
    72 | D:1      | You pass through the gate.
    72 | D:1      | Escaped the Abyss
   170 | D:1      | Reached XP level 2. HP: 25/25 MP: 3/3
   429 | D:1      | Reached * piety under Lugonu
   742 | D:1      | Reached skill level 4 in Fighting
   764 | D:1      | Reached skill level 2 in Invocations
   983 | D:1      | Reached XP level 3. HP: 21/30 MP: 4/4
  1102 | D:1      | Found a faded altar of an unknown god.
  1184 | D:1      | Reached skill level 3 in Armour
  1341 | D:2      | Noticed Sigmund
  1382 | D:2      | Killed Sigmund
  1383 | D:2      | Reached skill level 3 in Polearms
  1383 | D:2      | Reached skill level 4 in Armour
  1383 | D:2      | Reached XP level 4. HP: 36/38 MP: 4/6
  1383 | D:2      | Reached XP level 5. HP: 41/43 MP: 4/7
  1498 | D:2      | Noticed Robin
  1520 | D:1      | HP: 6/41 [goblin/stone[Robin] (6)]
  1962 | D:2      | Reached skill level 5 in Fighting
  1964 | D:2      | Reached skill level 3 in Invocations
  1964 | D:2      | Reached XP level 6. HP: 35/51 MP: 8/8
  2232 | D:2      | Reached ** piety under Lugonu
  2232 | D:2      | Noticed Terence
  2254 | D:2      | Killed Terence
  2461 | D:2      | Killed Robin
  3134 | D:3      | Found a broken altar of Ashenzari.
  3355 | D:3      | Reached XP level 7. HP: 56/56 MP: 9/9
  3361 | D:3      | Reached skill level 4 in Polearms
  3371 | D:3      | Reached skill level 5 in Armour
  3742 | D:3      | Found Coogiyfu's Assorted Antiques.
  3749 | D:3      | Bought 2 scrolls labelled ZADWIL VOZY XEHI for 50 gold
                  | pieces
  3749 | D:3      | Bought a scroll labelled UGAGOJ ZAUGEZ for 25 gold pieces
  3749 | D:3      | Bought a potion of curing for 75 gold pieces
  4039 | D:3      | Found a glowing golden altar of the Shining One.
  4281 | D:4      | Found a shadowy altar of Dithmenos.
  4308 | D:4      | Reached *** piety under Lugonu
  4317 | D:4      | Found an ancient bone altar of Kikubaaqudgha.
  4467 | D:4      | Reached skill level 6 in Fighting
  4497 | D:4      | Reached skill level 4 in Invocations
  4659 | D:4      | Found a stormy altar of Qazlal.
  4683 | D:4      | You add the spells Ozocubu's Armour and Ozocubu's
                  | Refrigeration to your library.
  5291 | D:4      | Found a runed translucent door.
  5292 | D:4      | Noticed Crazy Yiuf
  5299 | D:4      | HP: 14/58 [Crazy Yiuf (3)]
  5299 | D:4      | Slain by Crazy Yiuf

Vanquished Creatures
  Sigmund (D:2)
  An ogre (D:3)
  2 orc priests
  A gnoll shaman (D:3)
  4 orc wizards (D:4)
  Terence (D:2)
  A hound skeleton (D:4)
  Robin (D:2)
  9 adders
  8 gnolls
  A white imp (D:3)
  An ufetubus (D:4)
  An adder skeleton (D:4)
  A worm (D:2)
  5 dart slugs
  14 orcs
  12 endoplasms
  4 giant cockroaches
  15 goblins
  12 hobgoblins
  5 quokkas
  7 ball pythons
  8 bats
  A frilled lizard (D:3)
  4 kobolds
  5 rats
125 creatures vanquished.

Table legend:
 A = Non-vault XP
 B = Vault XP
 C = Vault XP percentage of total XP
 D = Non-vault monster count
 E = Vault monster count
 F = Vault count percentage of total count
                 A         B        C        D         E       F
            +---------+---------+-------+---------+---------+-------
      Total |     806 |     321 |  28.5 |     100 |      25 |  20.0
            +---------+---------+-------+---------+---------+-------
        D:1 |      37 |       6 |  14.0 |      19 |       4 |  17.4
        D:2 |     126 |     311 |  71.2 |      23 |      19 |  45.2
        D:3 |     340 |       0 |   0.0 |      28 |       0 |   0.0
        D:4 |     303 |       4 |   1.3 |      30 |       2 |   6.2
            +---------+---------+-------+---------+---------+-------

Illustrated notes

Table legend:
 A = Kills in this place as a percentage of kills in entire the game.
 B = Kills by you in this place as a percentage of kills by you in the entire game.
 C = Kills by friends in this place as a percentage of kills by friends in the entire game.
 D = Other kills in this place as a percentage of other kills in the entire game.
 E = Experience gained in this place as a percentage of experience gained in the entire game.
 F = Experience gained in this place divided by the number of levels of this place that you have seen.
                   A       B       C       D       E      F
               +-------+-------+-------+-------+-------+----------------------
         Total | 100.0 | 100.0 |   N/A |   N/A | 100.0 | 225.4
       Dungeon | 100.0 | 100.0 |   N/A |   N/A | 100.0 | 281.8
               +-------+-------+-------+-------+-------+----------------------

Table legend: (Time is in decaauts)
 A = Elapsed time spent in this place.
 B = Non-inter-level travel time spent in this place.
 C = Inter-level travel time spent in this place.
 D = Time resting spent in this place.
 E = Time spent auto-exploring this place.
 F = Levels seen in this place.
 G = Mean time per level.
                   A        B        C        D        E       F      G
               +--------+--------+--------+--------+--------+-----+--------+
         Total |   6083 |   5849 |    234 |    438 |   4329 |   5 | 1216.6 |
       Dungeon |   5997 |   5763 |    234 |    438 |   4303 |   4 | 1499.2 |
         Abyss |     85 |     85 |      0 |      0 |     26 |   1 |   85.0 |
               +--------+--------+--------+--------+--------+-----+--------+

Top non-repeatable levels by time:
     D:1: 1845 daAuts
     D:2: 1624 daAuts
     D:3: 1289 daAuts
     D:4: 1238 daAuts
 Abyss:1: 85 daAuts
